 Dungeon Crawl Stone Soup version 0.20-a0-544-g2b9a704 (webtiles) character file.

112 inmateoo the Chopper (level 4, -2/35 HPs)
             Began as a Barachian Fighter on Feb 1, 2017.
             Slain by an orc
             ... wielding a +0 war axe
              (4 damage)
             ... on level 3 of the Dungeon.
             The game lasted 00:01:28 (1709 turns).

inmateoo the Chopper (Barachian Fighter)            Turns: 1709, Time: 00:01:28

Health: -2/35      AC:  8    Str: 15    XL:     4   Next: 93%
Magic:  4/4        EV:  6    Int:  6    God:
Gold:   113        SH:  8    Dex: 10    Spells: 3/3 levels left

rFire    . . .     SeeInvis +   a - +0 war axe
rCold    . . .     Gourm    .   b - +0 scale mail
rNeg     . . .     Faith    .   c - +0 shield
rPois    .         Spirit   .   (no helmet)
rElec    .         Reflect  .   (no cloak)
rCorr    .         Harm     .   g - +0 pair of gloves
MR       .....                  (no boots)
Stlth    ..........             (no amulet)
Regen    0.2/turn               (no ring)
                                l - ring of see invisible

@: lethally poisoned (-2 -> -26), slow
A: swims, slowness 1, strong legs 1
a: Hop


You were on level 3 of the Dungeon.
You were hungry.

You visited 1 branch of the dungeon, and saw 3 of its levels.

You collected 113 gold pieces.

Inventory:

Hand Weapons
 a - a +0 war axe (weapon)
Armour
 b - a +0 scale mail (worn)
 c - a +0 shield (worn)
 g - a +0 pair of gloves (worn)
Jewellery
 l - a ring of see invisible (left hand)
Scrolls
 h - a scroll of amnesia {unknown}
 i - 2 scrolls of enchant weapon {unknown}
 m - 2 scrolls of remove curse {unknown}
 n - 2 scrolls of magic mapping {unknown}
 o - a scroll of immolation {unknown}
 p - a scroll of identify {unknown}
Potions
 d - a potion of might
 e - a potion of brilliance {unknown}
 k - 2 potions of heal wounds {unknown}
 q - a potion of haste {unknown}
 s - a potion of degeneration {unknown}
Comestibles
 f - 6 bread rations
 j - 2 meat rations
 r - 3 fruits


   Skills:
 - Level 3.2 Fighting
 + Level 4.9 Axes
 - Level 3.2 Armour
 - Level 3.0 Shields


You had 3 spell levels left.
You didn't know any spells.

Dungeon Overview and Level Annotations

Branches:
Dungeon (3/15)

Altars:


Innate Abilities, Weirdness & Mutations

You can swim through water.
You cover ground slowly.
You can hop short distances.


Message History

You bump into the rock wall.
You feel very sick.
The orc wizard hits you but does no damage.
You hit the orc wizard.
You kill the orc wizard!
You feel less confused.
* * * LOW HITPOINT WARNING * * *
You feel very sick. You block the orc's attack.
You are feeling hungry.
Your shield prevents you from hitting the orc.
* * * LOW HITPOINT WARNING * * *
You feel very sick. The orc hits you with a war axe.
* * * LOW HITPOINT WARNING * * *
You barely miss the orc.
* * * LOW HITPOINT WARNING * * *
You feel very sick. The orc hits you with a war axe.
You die... ..... ... .r. goo

#o# #K# #o#
#@# #.# #.#
#.# #.#
##########.#
#.......##.###
#............#
#............#


You could see 4 orcs, a goblin, a kobold and a rat.

Vanquished Creatures
  An orc wizard (D:3)
  Natasha (D:3)
  An adder (D:2)
  2 oozes
  3 worms (D:2)
  3 dart slugs
  3 orcs (D:3)
  A giant cockroach (D:1)
  4 goblins
  2 hobgoblins (D:2)
  A ball python (D:2)
  3 bats (D:2)
  3 kobolds
  5 rats
33 creatures vanquished.

Notes
Turn   | Place    | Note
-------+----------+-------------------------------------------
     0 | D:1      | inmateoo the Barachian Fighter began the quest for the Orb.
     0 | D:1      | Reached XP level 1. HP: 18/18 MP: 1/1
   163 | D:1      | Reached XP level 2. HP: 24/24 MP: 2/2
   381 | D:1      | You fall through a shaft!
   423 | D:2      | Reached skill level 3 in Axes
   439 | D:2      | Reached XP level 3. HP: 25/29 MP: 3/3
   822 | D:2      | Reached skill level 4 in Axes
  1437 | D:3      | Noticed Natasha
  1438 | D:3      | Reached XP level 4. HP: 21/35 MP: 4/4
  1588 | D:3      | Killed Natasha
  1709 | D:3      | Slain by an orc

Vault maps used:
D:1:      tarquinn_simple_flora_water_a
D:2:      first_bread
D:3:      chequers_temple_overflow_minitemple, uniq_natasha

Skill      XL: |  1  2  3 |
---------------+----------+-----
Axes           | 3 4 |  4.9
Fighting       | |  3.2
Armour         | |  3.2
Shields        | |  3.0

Action                   |  1- 3 |  4- 6 || total
-------------------------+-------+-------++-------
Melee: War axe           |    89 |    18 ||   107
  Eat: Chunk             |     2 |     1 ||     3
Armor: Scale mail        |    29 |     9 ||    38
Dodge: Dodged            |    23 |     3 ||    26
Block: Shield            |    42 |     6 ||    48
